 Dungeon Crawl Stone Soup version 0.30-b1-2-g02819fbbbe (webtiles) character file.

Game seed: 4656386089699803249

8 Alarkh the Charlatan (level 2, 22/22 HPs)
             Began as a Demonspawn Artificer on Nov 22, 2023.
             Got out of the dungeon alive.
             The game lasted 00:00:26 (349 turns).

Alarkh the Charlatan (Demonspawn Artificer)          Turns: 349, Time: 00:00:27

Health: 22/22      AC:  3    Str: 12    XL:     2   Next: 0%
Magic:  2/2        EV: 11    Int: 12    God:
Gold:   28         SH:  0    Dex: 15    Spells: 1/1 levels left

rFire   . . .        a - +1 dagger (elec)
rCold   . . .        (no shield)
rNeg    . . .        b - +0 leather armour
rPois   .            (no helmet)
rElec   .            (no cloak)
rCorr   .            (no gloves)
SInv    .            (no boots)
Will    .....        (no amulet)
Stlth   ++           (no ring)
HPRegen 0.23/turn    (no ring)
MPRegen 0.08/turn

%: no passive effects
@: no status effects
A: thin skeletal structure 1
a: no special abilities


You escaped.
You visited 1 branch of the dungeon, and saw 1 of its levels.

You collected 28 gold pieces.

Inventory:

Hand Weapons
 a - a +1 dagger of electrocution (weapon)
 f - a +0 club
Armour
 b - a +0 leather armour (worn)
Wands
 c - a wand of flame (11) (quivered)
 d - a wand of charming (15)
 e - a wand of iceblast (5)
Scrolls
 g - a scroll of blinking {unknown}
 h - a scroll of teleportation {unknown}


   Skills:
 + Level 2.1 Fighting
 - Level 1.7 Armour
 - Level 0.8 Dodging
 - Level 0.8 Stealth
 - Level 3.0 Evocations


You had one spell level left.
You didn't know any spells.
Your spell library contained the following spells:

 Spells                   Type           Power      Damage    Failure   Level
 Stone Arrow              Conj/Erth      0%         3d7       77%         3
 Animate Armour           Summ/Erth      0%         N/A       99%         4
 Lehudib's Crystal Spear  Conj/Erth      0%         10d2      100%        8


Dungeon Overview and Level Annotations

Branches:
Dungeon (1/15)

Altars:


Innate Abilities, Weirdness & Mutations

You have a somewhat thin skeletal structure. (Dex +2, Stealth+)


Message History

No target in view!
g - a scroll labelled EHICYE BIANUKU
h - a scroll labelled TEGHUC ANAY A ball python comes into view.
A ball python is nearby!
Okay, then.
The ball python hisses angrily.
You barely miss the ball python. The ball python barely misses you.
The ball python grabs you. The ball python constricts you.
You completely miss the ball python. The ball python misses you.
The ball python constricts you.
You hit the ball python but do no damage.
Lightning courses through the ball python!!
You kill the ball python!
You have reached level 2!
Your demonic ancestry asserts itself...
Your bones become slightly less dense.
There is a stone staircase leading down here.
You enter the shallow water.
Moving in this stuff is going to be slow.
You enter the shallow water.
Moving in this stuff is going to be slow.
There is a fountain of clear blue water here.
You enter the shallow water.
Moving in this stuff is going to be slow.
There is a fountain of clear blue water here.
You enter the shallow water.
Moving in this stuff is going to be slow.
There is a fountain of clear blue water here.
You enter the shallow water.
Moving in this stuff is going to be slow.
There is a fountain of clear blue water here.
You enter the shallow water.
Moving in this stuff is going to be slow.
There is a fountain of clear blue water here.
You enter the shallow water.
Moving in this stuff is going to be slow.
There is a staircase leading out of the dungeon here.
Are you sure you want to leave the Dungeon?
This will make you lose the game!
You have escaped!

♣♣~~~~~~~♣♣###...#
♣♣~♣♣♣♣♣♣♣~♣♣ #...#
♣♣~♣♣~~~~~♣♣.♣♣##..#
♣~♣♣~♣♣♣♣♣~♣♣~♣##..#
♣~♣~♣♣~~~♣♣~♣♣.....#
♣♣~♣~♣~♣♣♣~♣♣~♣...#...#
♣⌠~♣~♣~♣⌠♣~~♣~♣♣..#.>##
♣♣~♣~♣~~~~♣~♣~~♣..#..#
♣~♣~~♣⌠♣~♣~♣♣@♣###..#
♣~♣♣~♣♣♣~♣♣~♣♣♣ ..#
♣♣~♣♣~~~~⌠♣~⌠♣ ..#
♣♣~♣♣♣♣♣♣♣~♣♣ ..#
♣♣~~~~~~~♣♣ ♣♣♣♣⌠♣♣♣♣
♣♣♣


There were no monsters in sight!

Vanquished Creatures
  2 endoplasms (D:1)
  A goblin (D:1)
  2 ball pythons (D:1)
  A bat (D:1)
  A frilled lizard (D:1)
  A rat (D:1)
8 creatures vanquished.

Notes
Turn   | Place    | Note
-------+----------+-------------------------------------------
     0 | D:1      | Alarkh the Demonspawn Artificer began the quest for the
                  | Orb.
     0 | D:1      | Reached XP level 1. HP: 15/15 MP: 1/1
   259 | D:1      | Gained mutation: You have a somewhat thin skeletal
                  | structure. (Dex +2, Stealth+) [demonic ancestry]
   259 | D:1      | Reached XP level 2. HP: 20/22 MP: 2/2
   349 | D:$      | Got out of the dungeon alive.

Illustrated notes

Levels and vault maps discovered:
D:1:      nagdon_arrival_double_spiral, layout_basic,
          nicolae_ecumenical_snake_handling, serial_shops, shop

Skill      XL: |  1 |
---------------+----+-----
Fighting       | 2 |  2.1
Armour         | |  1.7
Dodging        | |  0.8
Stealth        | |  0.8
Evocations     | |  3.0

Action                     || total
---------------------------++-------
  Melee: Dagger            ||    13
         Club              ||     9
  Evoke: Wand              ||     4
 Armour: Leather armour    ||     8
  Dodge: Dodged            ||    12
